AoeStats
← Juyhou

Fortress

507813159Analyzed
4v4 RM · 14d ago on Sep 19, 2026· 52m 15s· 8 players
Game mode
Random Map
Map size
Huge
Population
200
Speed
Normal
Resources
Standard
Victory
Conquest
Starting age
Dark Age
Ending age
Imperial Age
RankedLock teamsTeams togetherTeam positionsShared explorationLock speedFull tech treeHidden civsTurbo modeCheats
Victory
Defeat
🇫🇮 Berbers · Finland
2033
+5
🇫🇮 Mapuche · Finland
1951
+7
🇫🇮 Persians · Finland
1927
+7
🇫🇮 Gurjaras · Finland
1800
+11
🇺🇸 Portuguese · United States
1774
-9
🇺🇸 Vietnamese · United States
1770
-9
🇨🇦 Byzantines · Canada
1711
-7
🇺🇸 Magyars · United States
1627
-5
Juyhou
4:37 Loom
6:34 Feudal Age
8:01 Double-Bit Axe
10:47 Castle Age
8:49 Horse Collar
11:49 Bow Saw
15:49 Heavy Plow
15:49 Loom
17:55 Wheelbarrow
17:48 Heavy Plow
19:58 Fletching
20:42 Bodkin Arrow
25:50 Town Watch
28:13 Hand Cart
31:38 Imperial Age
29:51 Town Patrol
30:03 Forging
30:09 Stone Mining
30:10 Gold Mining
30:50 Kshatriyas
32:45 Conscription
33:35 Crop Rotation
33:03 Elite Chakram Thrower
34:12 Caravan
34:58 Scale Mail Armor
35:33 Iron Casting
36:21 Coinage
37:35 Chain Mail Armor
37:59 Bracer
38:58 Plate Mail Armor
39:10 Banking
40:14 Hoardings
43:55 Padded Archer Armor
44:55 Ballistics
45:35 Chemistry
44:46 Masonry
50:03 Arson
Villese
7:07 Feudal Age
10:41 Castle Age
8:43 Horse Collar
8:59 Double-Bit Axe
12:35 Bow Saw
14:39 Loom
17:25 Wheelbarrow
17:55 Heavy Plow
19:16 Gold Mining
20:06 Stone Mining
21:49 Hand Cart
22:47 Gold Shaft Mining
25:30 Imperial Age
23:04 Fletching
23:09 Town Watch
24:01 Bodkin Arrow
24:07 Padded Archer Armor
24:22 Kasbah
24:56 Husbandry
25:10 Bloodlines
25:26 Ballistics
25:39 Thumb Ring
25:52 Leather Archer Armor
26:17 Bracer
27:43 Chemistry
27:07 Scale Barding Armor
26:48 Light Cavalry
27:54 Conscription
28:28 Masonry
29:02 Elite Camel Archer
30:05 Chain Barding Armor
29:49 Caravan
30:53 Forging
30:04 Hussar
32:13 Ring Archer Armor
32:21 Plate Barding Armor
32:22 Iron Casting
32:35 Cavalier
32:49 Heavy Camel Rider
33:50 Maghrebi Camels
35:38 Blast Furnace
34:56 Siege Engineers
39:08 Onager
41:17 Hoardings
50:44 Town Patrol
51:16 Coinage
51:05 Guilds
Tomppa
4:09 Loom
7:12 Feudal Age
7:44 Feudal Age
8:13 Double-Bit Axe
11:07 Castle Age
8:58 Horse Collar
12:25 Bow Saw
13:36 Wheelbarrow
16:55 Hand Cart
19:41 Gold Mining
20:24 Heavy Plow
21:28 Gold Shaft Mining
20:57 Town Watch
21:05 Stone Mining
23:11 Loom
24:11 Stone Shaft Mining
26:37 Imperial Age
24:16 Scale Barding Armor
25:05 Forging
26:26 Chain Barding Armor
27:47 Crop Rotation
27:43 Loom
27:25 Elite War Elephant
29:04 Conscription
29:19 Plate Barding Armor
29:13 Guilds
30:26 Iron Casting
30:39 Husbandry
30:49 Bloodlines
32:19 Blast Furnace
31:45 Caravan
33:36 Hoardings
33:22 Citadels
33:05 Fletching
34:28 Two-Man Saw
34:07 Coinage
33:49 Guilds
37:06 Bodkin Arrow
38:18 Chemistry
37:41 Ballistics
37:19 Murder Holes
38:22 Banking
TheMax
6:35 Feudal Age
10:14 Castle Age
8:32 Double-Bit Axe
8:43 Horse Collar
11:25 Bow Saw
18:56 Heavy Plow
21:07 Wheelbarrow
20:18 Loom
20:58 Gold Mining
21:06 Town Watch
22:30 Forging
23:34 Hand Cart
27:31 Imperial Age
25:52 Iron Casting
27:10 Gold Shaft Mining
26:26 Stone Mining
27:00 Caravan
28:36 Conscription
28:23 Butalmapu
29:04 Crop Rotation
28:28 Elite Kona
31:21 Blast Furnace
36:35 Fletching
43:04 Coinage
44:17 Banking
44:33 Siege Engineers
44:12 Treadmill Crane
44:38 Onager
47:44 Heavy Scorpion
50:35 Chemistry
49:55 Ballistics
49:50 Masonry
50:22 Town Patrol
51:37 Hoardings
Honeybadger
6:27 Feudal Age
11:05 Castle Age
9:19 Double-Bit Axe
9:49 Horse Collar
11:59 Bow Saw
12:45 Wheelbarrow
17:18 Hand Cart
18:17 Gold Mining
18:17 Stone Mining
18:28 Heavy Plow
19:12 Loom
24:42 Imperial Age
22:07 Fletching
22:18 Padded Archer Armor
23:19 Bodkin Arrow
24:13 Leather Archer Armor
25:12 Ballistics
26:27 Chemistry
25:45 Bracer
27:34 Two-Man Saw
27:04 Crop Rotation
28:02 Elite Rattan Archer
30:54 Caravan
31:47 Ring Archer Armor
32:37 Thumb Ring
35:59 Hoardings
36:19 Scale Barding Armor
36:25 Forging
37:17 Chatras
37:41 Siege Engineers
39:23 Chain Barding Armor
39:38 Iron Casting
40:53 Plate Barding Armor
40:21 Husbandry
40:32 Bloodlines
45:42 Paper Money
46:44 Elite Battle Elephant
NotDukito
8:43 Feudal Age
9:30 Double-Bit Axe
9:32 Horse Collar
12:27 Castle Age
13:22 Bow Saw
14:55 Heavy Plow
14:49 Loom
18:45 Wheelbarrow
21:33 Gold Mining
24:43 Imperial Age
22:14 Stone Mining
22:50 Scale Barding Armor
23:24 Forging
23:23 Husbandry
24:28 Chain Barding Armor
26:36 Plate Barding Armor
26:45 Iron Casting
28:25 Logistica
29:00 Conscription
29:23 Elite Cataphract
32:13 Scale Mail Armor
31:57 Pikeman
32:37 Squires
33:48 Chain Mail Armor
33:13 Halberdier
37:38 Caravan
37:54 Guilds
38:56 Hand Cart
40:15 Plate Mail Armor
44:29 Chemistry
43:15 Treadmill Crane
45:23 Bombard Tower
47:05 Greek Fire
Jenius
6:50 Feudal Age
7:53 Feudal Age
8:57 Double-Bit Axe
11:32 Castle Age
9:28 Horse Collar
12:36 Bow Saw
12:50 Heavy Plow
17:38 Wheelbarrow
22:12 Hand Cart
23:56 Loom
23:56 Town Watch
27:38 Imperial Age
25:39 Gold Mining
25:40 Stone Mining
26:22 Circumnavigation
27:57 Elite Organ Gun
29:30 Stone Shaft Mining
29:42 Crop Rotation
30:13 Two-Man Saw
29:28 Arquebus
29:53 Conscription
29:42 Siege Engineers
31:18 Chemistry
30:35 Fortified Wall
32:28 Padded Archer Armor
32:30 Scale Mail Armor
31:51 Pikeman
32:49 Halberdier
33:45 Chain Mail Armor
34:49 Plate Mail Armor
36:51 Bombard Tower
38:57 Caravan
39:16 Fletching
39:59 Plate Mail Armor
43:42 Forging
44:26 Coinage
acejohn
7:34 Feudal Age
11:58 Castle Age
10:15 Horse Collar
10:21 Double-Bit Axe
12:58 Scale Barding Armor
18:04 Chain Barding Armor
18:23 Bloodlines
20:27 Wheelbarrow
26:19 Hand Cart
25:52 Loom
29:41 Imperial Age
28:27 Corvinian Army
30:00 Stone Mining
29:42 Elite Magyar Huszar
30:59 Plate Barding Armor
31:06 Conscription
31:20 Bow Saw
31:58 Heavy Plow
34:11 Husbandry
42:02 Crop Rotation
44:29 Caravan
51:15 Two-Man Saw
Connection lost

Rejoining the realm…

Still unreachable

The connection could not be restored.

Session expired

The server has moved on; the page needs a fresh start.